 Dungeon Sprint DCSS version 0.27-a0-277-g024f7ef292 (webtiles) character file.

Game seed: 12162554268947588715

161729 mhtbhm the Conqueror (level 17, 0/191 HPs)
             Began as a Minotaur Fighter on Feb 7, 2021.
             Was the Champion of Trog.
             Slain by Cerebov
             ... wielding the +6 sword of Cerebov {flame}
              (1 damage)
             ... in the Dungeon (Sprint VII: "The Pits").
             The game lasted 00:15:40 (9489 turns).

mhtbhm the Conqueror (Minotaur Fighter)             Turns: 9489, Time: 00:15:41

Health: 0/191      AC: 37    Str: 32    XL:     17   Next: 20%
Magic:  16/16      EV: 22    Int:  2    God:    Trog [******]
Gold:   45         SH: 20    Dex: 13    Spells: 16/16 levels left

rFire    + . .     SeeInvis .   a - +6 war axe of Nightmares {vorpal, rPois Will++ Str+4 Int-3}
rCold    + . .     Faith    .   c - +0 kite shield
rNeg     . . .     Spirit   .   b - +6 plate armour of the Desolation of Salt {Rampage}
rPois    +         Reflect  .   s - +0 hat {Stlth+}
rElec    +         Harm     .   K - +4 dragonskin cloak
rCorr    +         Rampage  +   (no gloves)
Will     +++..     NoTele   +   J - +1 pair of boots
Stlth    ..........             (no amulet)
HPRegen  0.41/turn              n - +3 ring of strength
MPRegen  0.15/turn              u - ring of protection from fire

@: resistant, fire vulnerable, berserk cooldown, slowed, very slow
A: retaliatory headbutt, horns 2
a: Renounce Religion, Berserk, Trog's Hand, Brothers in Arms


You were in the Dungeon.
You worshipped Trog.
Trog was exalted by your worship.
You visited 1 branch You collected 45 gold pieces.

Inventory:

Hand Weapons
 a - the +6 war axe of Nightmares (weapon) {vorpal, rPois Will++ Str+4 Int-3}
   (Trog gifted it to you in the Dungeon)

   It inflicts extra damage upon your enemies.
   It affects your strength (+4).
   It affects your intelligence (-3).
   It protects you from poison.
   It affects your willpower, your defense against some magical effects.
 r - a +4 antimagic broad axe
 w - a +3 vorpal executioner's axe
 y - a +0 vampiric double sword
 z - a +6 great mace of holy wrath
 I - a +5 vorpal broad axe
Missiles
 t - a throwing net (quivered)
 F - 12 silver javelins
Armour
 b - the +6 plate armour of the Desolation of Salt (worn) {Rampage}
   (You found it in the Dungeon)

   It bestows one free step when moving towards enemies.
 c - a +0 kite shield (worn)
 s - a +0 hat of stealth (worn)
 J - a +1 pair of boots (worn)
 K - the +4 dragonskin cloak (worn)
   (You took it off Tiamat in the Dungeon)
 L - +0 pearl dragon scales
Jewellery
 n - a +3 ring of strength (left hand)
 o - a +3 ring of strength
 u - a ring of protection from fire (right hand)
 v - an uncursed ring of poison resistance
 H - a +6 ring of dexterity
Scrolls
 j - a scroll of blinking
 l - 5 scrolls of remove curse
 m - a scroll of summoning
 A - 2 scrolls of fear
 B - 2 scrolls of enchant armour
 C - 2 scrolls of enchant weapon
Potions
 d - 3 potions of might
 e - 9 potions of curing
 f - 12 potions of heal wounds
 g - 3 potions of haste
 h - 4 potions of magic
 i - 3 potions of berserk rage
 k - a potion of invisibility
 p - 2 potions of resistance
 q - a potion of mutation
Miscellaneous
 x - a phantom mirror
 D - a phantom mirror
 E - a phial of floods
 G - a box of beasts


   Skills:
 O Level 27 Fighting
 O Level 27 Axes
 O Level 27 Armour
 + Level 25.0 Dodging
 - Level 3.0 Stealth
 O Level 27 Shields


You had 16 spell levels left.
You didn't know any spells.
Your spell library was empty.

Dungeon Overview and Level Annotations

Branches:
Dungeon (1/1)

Altars:
Ashenzari
Cheibriados
Dithmenos
Elyvilon
Fedhas
Gozag
Hepliaklqana
Kikubaaqudgha
Makhleb
Nemelex Xobeh
Okawaru
Qazlal
Ru
Sif Muna
Trog
Uskayaw
Vehumet
Wu Jian
Xom
Yredelemnul
Zin
The Shining One
Beogh
Jiyva
Lugonu

Annotations:
D Cerebov


Innate Abilities, Weirdness & Mutations

You reflexively headbutt those who attack you in melee.
You have a pair of horns on your head.


Message History

You feel yourself slow down.
Cerebov hits you with the +6 sword of Cerebov {flame}!!!
* * * LOW HITPOINT WARNING * * *
Cerebov burns you.
* * * LOW HITPOINT WARNING * * *
You slash Cerebov! You headbutt Cerebov, but do no damage.
Cerebov is heavily wounded.
Cerebov hits you but does no damage.
You hit Cerebov but do no damage. You headbutt Cerebov, but do no damage.
Cerebov is heavily wounded.
Cerebov hits you with the +6 sword of Cerebov {flame}!!
* * * LOW HITPOINT WARNING * * *
Cerebov burns you.
* * * LOW HITPOINT WARNING * * *
You hit Cerebov. You headbutt Cerebov, but do no damage.
Cerebov is heavily wounded.
Cerebov hits you with the +6 sword of Cerebov {flame}!
* * * LOW HITPOINT WARNING * * *
Cerebov burns you.
You die...

,,,,,,,,**,,,,,,,,,,,,,,,,,,,,,..
,,,,,,,,***********************#'
,,,,,,,,* *********************#'
,,,,,,,,***,**+,+,,,,,,,,,,,,,*#.
,,,,,,,,**+**,***,,,,,,,,,,,,,*#)
,,,,,,,,***,**+###############*#.
,,,,,,,***,,,+,#2#.+.'.#.##'.# #'
,,,,,,** **,***#&#)#+#'#'#)### #.
,,,,,** **+*,*+@'.'.'.'.'#'.###'
++**** *,*,,,############...##.
++**** ####,*#)'.')#.')###.###'
,,,,,*** #.)####'###'###'#[#'# #.
,,,,,,,**#†#)'#'.)##.)#'['#'.# #'
,,,,,,,,*#.###.###.###.###.### #.
,,,,,,,,*##'.###.###.###.###.###'
,,,,,,,,* #...'...'.).'.).'...##.
,,,,,,,***#'.##'.##'.##'.##'.##..


You could see Cerebov (fast) and a hellion (summoned).

Vanquished Creatures
  Tiamat (D)
  3 ancient liches (D)
  3 royal mummies (D)
  2 Killer Klowns (D)
  Frederick (D)
  A curse toe (D)
  2 pearl dragons (D)
  A Tzitzimitl (D)
  5 Brimstone Fiends (D)
  A Hell Sentinel (D)
  3 electric golems (D)
  A hellephant (D)
  An Ice Fiend (D)
  A quicksilver dragon (D)
  2 deep elf master archers (D)
  2 liches (D)
  A deep elf blademaster (D)
  An acid blob (D)
  Murray (D)
  A death cob (D)
  A sphinx (D)
  Gastronok (D)
  A shadow dragon (D)
  2 storm dragons (D)
  An azure jelly (D)
  A nagaraja (D)
  2 iron dragons (D)
  An orc warlord (D)
  A frost giant (D)
  A draconian stormcaller (D)
  An emperor scorpion (D)
  A draconian annihilator (D)
  A reaper (D)
  A stone giant (D)
  2 minotaurs (D)
  2 eidola (D)
  4 green deaths (D)
  A death ooze (D)
  2 fire dragons (D)
  An ice dragon (D)
  2 naga warriors (D)
  A vault guard (D)
  2 hydras (D)
  Erica (D)
  An anaconda (D)
  A death yak (D)
  A vampire mage (D)
  A dancing weapon (D)
  A spriggan berserker (D)
  A hell knight (D)
  An orc high priest (D)
  A sun demon (D)
  Sonja (D)
  3 deep elf knights (D)
  2 iron trolls (D)
  A spriggan druid (D)
  2 unseen horrors (D)
  A swamp dragon (D)
  4 wizards (D)
  A phantasmal warrior (D)
  10 orc knights (D)
  A deep elf zephyrmancer (D)
  A necromancer (D)
  An elephant (D)
  A cyclops (D)
  A black mamba (D)
  A gargoyle (D)
  A naga mage (D)
  A molten gargoyle (D)
  A cane toad (D)
  A hellion (D)
  A komodo dragon (D)
  2 demonic crawlers (D)
  A yaktaur (D)
  2 kobold demonologists (D)
  A tormentor (D)
  A guardian mummy (D)
  2 merfolk (D)
  A troll (D)
  Prince Ribbit (D)
  A blink frog (D)
  A wandering mushroom (D)
  2 snapping turtles (D)
  2 redbacks (D)
  An air elemental (D)
  A wyvern (D)
  A yak (D)
  A water elemental (D)
  A fire bat (D)
  A neqoxec (D)
  4 vampire mosquitoes (D)
  An acid dragon (D)
  A warg (D)
  A floating eye (D)
  Duvessa (D)
  A swamp drake (D)
  4 hell hounds (D)
  An ice beast (D)
  3 orc warriors (D)
  A sky beast (D)
  An eye of draining (D)
  18 wolves (D)
  4 big kobolds (D)
  3 earth elementals (D)
  Dowan (D)
  3 scorpions (D)
  17 wights (D)
  A jelly (D)
  A quasit (D)
  An iguana (D)
  An orc wizard (D)
  A worker ant (D)
  A small abomination (D)
  A mummy (D)
  A river rat (D)
  3 oozes (D)
  3 orcs (D)
  A bat skeleton (D)
  A giant cockroach (D)
  A goblin (D)
  2 hobgoblins (D)
  6 kobolds (D)
  A bat simulacrum (D)
  A leopard gecko skeleton (D)
227 creatures vanquished.

Vanquished Creatures (collateral kills)
  A shadow dragon (D)
  A fire giant (D)
  An orc warlord (D)
  A swamp dragon (D)
  4 orc knights (D)
8 creatures vanquished.

Vanquished Creatures (others)
  A flying skull (D)
1 creature vanquished.

Grand Total: 236 creatures vanquished

Notes
Turn   | Place    | Note
-------+----------+-------------------------------------------
     0 | D        | mhtbhm the Minotaur Fighter began the quest for the Orb.
     0 | D        | Reached XP level 1. HP: 19/19 MP: 0/0
    15 | D        | Found a bloodstained altar of Trog.
    15 | D        | Found a shimmering blue altar of Sif Muna.
    15 | D        | Found a viscous altar of Jiyva.
    15 | D        | Found a hazy altar of Hepliaklqana.
    15 | D        | Found an opulent altar of Gozag.
    16 | D        | Found a glowing golden altar of the Shining One.
    16 | D        | Found a glowing silver altar of Zin.
    16 | D        | Found a basalt altar of Yredelemnul.
    16 | D        | Found a shimmering altar of Xom.
    16 | D        | Found an ornate altar of the Wu Jian Council.
    16 | D        | Found a sacrificial altar of Ru.
    16 | D        | Found a stormy altar of Qazlal.
    16 | D        | Found an iron altar of Okawaru.
    16 | D        | Found a sparkling altar of Nemelex Xobeh.
    16 | D        | Found a burning altar of Makhleb.
    16 | D        | Found a blossoming altar of Fedhas.
    16 | D        | Found a white marble altar of Elyvilon.
    16 | D        | Found a shadowy altar of Dithmenos.
    16 | D        | Found a snail-covered altar of Cheibriados.
    18 | D        | Found a radiant altar of Vehumet.
    18 | D        | Found a corrupted altar of Lugonu.
    18 | D        | Found a roughly hewn altar of Beogh.
    20 | D        | Became a worshipper of Trog the Wrathful
   141 | D        | Reached * piety under Trog
   249 | D        | Noticed a worker ant
   255 | D        | Reached XP level 2. HP: 28/28 MP: 1/1
   255 | D        | Reached ** piety under Trog
   256 | D        | Reached skill level 5 in Fighting
   256 | D        | Reached skill level 5 in Armour
   256 | D        | Reached skill level 5 in Shields
   256 | D        | Reached XP level 3. HP: 35/36 MP: 2/2
   422 | D        | Noticed Duvessa
   422 | D        | Noticed Dowan
   423 | D        | Noticed a big kobold
   423 | D        | Noticed a fire bat
   427 | D        | Killed a big kobold
   428 | D        | Reached XP level 4. HP: 45/45 MP: 3/3
   431 | D        | Killed Duvessa
   431 | D        | Reached *** piety under Trog
   432 | D        | Reached skill level 1 in Dodging
   432 | D        | Reached XP level 5. HP: 53/53 MP: 4/4
   433 | D        | Killed Dowan
   434 | D        | Reached XP level 6. HP: 62/62 MP: 5/5
   436 | D        | Reached **** piety under Trog
   442 | D        | Killed a fire bat
   443 | D        | Reached skill level 10 in Armour
   443 | D        | Reached skill level 10 in Shields
   485 | D        | Noticed a floating eye
   486 | D        | Paralysed by a floating eye for 3 turns
   490 | D        | Killed a floating eye
   491 | D        | Reached XP level 7. HP: 70/70 MP: 6/6
   493 | D        | Noticed a yak
   498 | D        | Killed a yak
   499 | D        | Reached skill level 10 in Fighting
   647 | D        | Noticed Prince Ribbit
   650 | D        | Reached ***** piety under Trog
   661 | D        | Killed Prince Ribbit
   691 | D        | Noticed Sonja
   691 | D        | Noticed a gargoyle
   698 | D        | Killed Sonja
   698 | D        | Received a gift from Trog
   699 | D        | Reached XP level 8. HP: 82/82 MP: 7/7
   700 | D        | Killed a gargoyle
   838 | D        | Found a hide-covered altar of Uskayaw.
   838 | D        | Found an ancient bone altar of Kikubaaqudgha.
   838 | D        | Found a broken altar of Ashenzari.
   865 | D        | Noticed a snapping turtle
   872 | D        | Killed a snapping turtle
   873 | D        | Reached XP level 9. HP: 90/90 MP: 8/8
   938 | D        | Noticed a phantasmal warrior
   938 | D        | Noticed a swamp dragon
   938 | D        | Noticed a death yak
   943 | D        | Killed a phantasmal warrior
   947 | D        | Killed a swamp dragon
   948 | D        | Reached skill level 1 in Stealth
   950 | D        | Killed a death yak
   950 | D        | Received a gift from Trog
   998 | D        | Noticed a seven-headed hydra
  1002 | D        | Noticed an eidolon
  1010 | D        | Killed a 14-headed hydra
  1011 | D        | Reached skill level 15 in Axes
  1011 | D        | Reached XP level 10. HP: 78/101 MP: 9/9
  1021 | D        | Killed an eidolon
  1225 | D        | Noticed a molten gargoyle
  1232 | D        | Killed a molten gargoyle
  1232 | D        | Reached ****** piety under Trog
  1306 | D        | Noticed a wizard
  1306 | D        | Noticed Gastronok
  1313 | D        | Killed an unseen horror
  1324 | D        | Killed Gastronok
  1324 | D        | Killed a wizard
  1325 | D        | Reached skill level 15 in Shields
  1325 | D        | Reached XP level 11. HP: 68/111 MP: 10/10
  1479 | D        | Received a gift from Trog
  1485 | D        | Reached skill level 15 in Armour
  1505 | D        | Noticed a vampire mage
  1512 | D        | Noticed a flayed ghost
  1517 | D        | Killed a vampire mage
  1517 | D        | Received a gift from Trog
  1523 | D        | Got a transparent war axe {god gift}
  1524 | D        | Identified the +6 war axe of Nightmares {vorpal, rPois
                  | Will++ Str+4 Int-3} (Trog gifted it to you in the Dungeon)
  1806 | D        | Reached skill level 15 in Fighting
  1806 | D        | Reached skill level 5 in Dodging
  1942 | D        | Received a gift from Trog
  1951 | D        | Received a gift from Trog
  1952 | D        | Noticed a wizard
  1957 | D        | Noticed a deep elf zephyrmancer
  1970 | D        | Noticed an orc high priest
  1975 | D        | Killed a deep elf zephyrmancer
  1975 | D        | Received a gift from Trog
  1978 | D        | Killed a wizard
  1979 | D        | Killed an orc high priest
  2228 | D        | Received a gift from Trog
  2232 | D        | Received a gift from Trog
  2304 | D        | Noticed a sun demon
  2309 | D        | Received a gift from Trog
  2313 | D        | Received a gift from Trog
  2316 | D        | Killed a sun demon
  2317 | D        | Reached XP level 12. HP: 124/124 MP: 11/11
  2323 | D        | Received a gift from Trog
  2325 | D        | Received a gift from Trog
  2575 | D        | Noticed a minotaur
  2575 | D        | Noticed a sphinx
  2575 | D        | Noticed a fire dragon
  2575 | D        | Noticed a fire dragon
  2575 | D        | Noticed an eidolon
  2575 | D        | Noticed an anaconda
  2582 | D        | Killed a fire dragon
  2587 | D        | Killed a fire dragon
  2588 | D        | Killed a minotaur
  2592 | D        | Killed a sphinx
  2592 | D        | Received a gift from Trog
  2594 | D        | Killed an anaconda
  2608 | D        | Killed an eidolon
  2960 | D        | Noticed a royal mummy
  2963 | D        | Noticed a death scarab
  2963 | D        | Noticed a death scarab
  2963 | D        | Noticed a death scarab
  2973 | D        | Killed a royal mummy
  2973 | D        | Received a gift from Trog
  2974 | D        | Reached XP level 13. HP: 139/139 MP: 12/12
  3013 | D        | Noticed a white draconian annihilator
  3019 | D        | Killed a white draconian annihilator
  3123 | D        | Noticed a hellephant
  3133 | D        | Killed a hellephant
  3179 | D        | Noticed a storm dragon
  3184 | D        | Killed a storm dragon
  3241 | D        | Noticed a Brimstone Fiend
  3250 | D        | Killed a Brimstone Fiend
  3296 | D        | Noticed a frost giant
  3301 | D        | Killed a frost giant
  3508 | D        | Noticed Erica
  3508 | D        | Noticed a nagaraja
  3510 | D        | Received a gift from Trog
  3522 | D        | Killed a nagaraja
  3526 | D        | Noticed a stone giant
  3538 | D        | Killed a stone giant
  3540 | D        | Received a gift from Trog
  3545 | D        | Identified the cursed ring of Tyosud {AC-4 Slay+2}
  3552 | D        | Noticed a quicksilver dragon
  3565 | D        | Killed a quicksilver dragon
  3565 | D        | Received a gift from Trog
  3576 | D        | Killed Erica
  3623 | D        | Received a gift from Trog
  3634 | D        | Reached XP level 14. HP: 120/155 MP: 13/13
  3639 | D        | Received a gift from Trog
  3689 | D        | Got the +6 plate armour of the Desolation of Salt {Rampage}
  3987 | D        | Noticed an orc warlord
  3988 | D        | Noticed an orc warlord
  3988 | D        | Noticed a deep elf blademaster
  3988 | D        | Noticed a fire giant
  3991 | D        | Noticed a shadow dragon
  3993 | D        | Killed an orc warlord
  3995 | D        | Received a gift from Trog
  3999 | D        | Killed a deep elf blademaster
  4001 | D        | Killed an orc warlord
  4003 | D        | Received a gift from Trog
  4005 | D        | Killed a fire giant
  4008 | D        | Killed a shadow dragon
  4011 | D        | Received a gift from Trog
  4030 | D        | Received a gift from Trog
  4384 | D        | Noticed a lich
  4384 | D        | Noticed an emperor scorpion
  4384 | D        | Noticed a Brimstone Fiend
  4384 | D        | Noticed a death cob
  5012 | D        | Received a gift from Trog
  5020 | D        | Killed a lich
  5023 | D        | Killed a death cob
  5032 | D        | Killed an emperor scorpion
  5036 | D        | Killed a Brimstone Fiend
  5036 | D        | Received a gift from Trog
  5444 | D        | Noticed an ancient lich
  5457 | D        | Killed an ancient lich
  5458 | D        | Reached skill level 10 in Dodging
  5465 | D        | Reached XP level 15. HP: 168/168 MP: 14/14
  5492 | D        | Noticed a royal mummy
  5502 | D        | Killed a royal mummy
  5697 | D        | Noticed a Brimstone Fiend
  5704 | D        | Killed a Brimstone Fiend
  5972 | D        | Received a gift from Trog
  5994 | D        | Noticed an azure jelly
  5999 | D        | Killed an azure jelly
  6012 | D        | Noticed an iron dragon
  6023 | D        | Killed an iron dragon
  6075 | D        | Received a gift from Trog
  6079 | D        | Noticed a deep elf master archer
  6085 | D        | Killed a deep elf master archer
  6154 | D        | Noticed Frederick
  6162 | D        | Killed Frederick
  6317 | D        | Noticed a Brimstone Fiend
  6322 | D        | Killed a Brimstone Fiend
  6527 | D        | Noticed an Ice Fiend
  6535 | D        | Killed an Ice Fiend
  6853 | D        | Noticed a curse toe
  6857 | D        | Killed a curse toe
  6904 | D        | Noticed an iron dragon
  6913 | D        | Killed an iron dragon
  6972 | D        | Noticed an ancient lich
  6983 | D        | Killed an ancient lich
  6983 | D        | Received a gift from Trog
  6984 | D        | Reached skill level 27 in Fighting
  7120 | D        | Noticed an ancient lich
  7136 | D        | Killed an ancient lich
  7137 | D        | Reached skill level 27 in Axes
  7137 | D        | Reached skill level 27 in Shields
  7137 | D        | Reached XP level 16. HP: 127/183 MP: 15/15
  7278 | D        | Noticed a Killer Klown
  7284 | D        | Killed a Killer Klown
  7285 | D        | Noticed a Brimstone Fiend
  7290 | D        | Killed a Brimstone Fiend
  7329 | D        | Noticed a pearl dragon
  7335 | D        | Killed a pearl dragon
  7335 | D        | Received a gift from Trog
  7378 | D        | Noticed a deep elf master archer
  7381 | D        | Killed a deep elf master archer
  7406 | D        | Noticed an electric golem
  7419 | D        | Killed an electric golem
  7690 | D        | Reached skill level 27 in Armour
  7692 | D        | Found the +4 dragonskin cloak
  7692 | D        | Noticed Tiamat
  7716 | D        | Killed Tiamat
  7717 | D        | Reached skill level 15 in Dodging
  7760 | D        | Noticed a shadow dragon
  7760 | D        | Noticed a storm dragon
  7767 | D        | Killed a shadow dragon
  7775 | D        | Killed a storm dragon
  7775 | D        | Received a gift from Trog
  8173 | D        | Noticed an electric golem
  8181 | D        | Killed an electric golem
  8240 | D        | Noticed Murray
  8253 | D        | Killed Murray
  8456 | D        | Noticed an acid blob
  8459 | D        | Killed an acid blob
  8467 | D        | Noticed a Killer Klown
  8475 | D        | Killed a Killer Klown
  8485 | D        | Noticed a lich
  8490 | D        | Killed a lich
  8551 | D        | Received a gift from Trog
  8554 | D        | Noticed an electric golem
  8565 | D        | Killed an electric golem
  8641 | D        | Noticed a Tzitzimitl
  8655 | D        | Killed a Tzitzimitl
  8656 | D        | Reached XP level 17. HP: 70/191 MP: 16/16
  8994 | D        | Noticed a pearl dragon
  9005 | D        | Killed a pearl dragon
  9044 | D        | Noticed a Hell Sentinel
  9057 | D        | Killed a Hell Sentinel
  9128 | D        | Noticed a royal mummy
  9138 | D        | Killed a royal mummy
  9138 | D        | Received a gift from Trog
  9456 | D        | Found the +6 sword of Cerebov {flame}
  9456 | D        | Noticed Cerebov
  9489 | D        | HP: 1/191 [Cerebov/the +6 sword of Cerebov {flame} (9)]
  9489 | D        | Slain by Cerebov

Illustrated notes

Levels and vault maps discovered:
D:        pitsprint [storerooms_1, entrance_room_1, metal_vault_7, armoury_3,
          mini_pit_1, grid_room_1, main_hall_1, silver_pit, the_coven_1,
          the_vestibule_1, steel_vault_3, golden_pit, hallway_of_sentries,
          crystal_vault_5, iron_vault_3, final_vault]

Skill      XL: |  1  2  3  4  5  6  7  8  9 10 11 12 13 14 15 16 17 |
---------------+----------------------------------------------------+-----
Fighting       | 4 5 6 7 8 9 11 12 13 14 16 19 22 24 27 | 27.0
Armour         | 4 5 7 8 9 10 11 12 13 14 16 18 20 23 27 | 27.0
Shields        | 4 5 7 8 9 10 12 14 15 17 19 21 23 27 | 27.0
Axes           | 3 4 6 8 11 12 15 17 19 20 22 24 27 | 27.0
Dodging        | 1 2 3 4 6 7 8 10 11 22 25 | 25.0
Stealth        | 1 2 3 |  3.0

Action                   |  1- 3 |  4- 6 |  7- 9 | 10-12 | 13-15 | 16-18 || total
-------------------------+-------+-------+-------+-------+-------+-------++-------
Melee: Hand axe          |    18 |    15 |    27 |       |       |       ||    60
       Headbutt          |     7 |     7 |    10 |    42 |   110 |    70 ||   246
       War axe           |     1 |       |       |   125 |   337 |   192 ||   655
       Broad axe         |       |       |    22 |    53 |       |       ||    75
Invok: Berserk           |     2 |       |     5 |     8 |    16 |    12 ||    43
       Brothers in Arms  |       |       |       |       |     4 |       ||     4
       Trog's Hand       |       |       |       |       |     1 |       ||     1
  Use: Potion            |       |       |       |     2 |     7 |     1 ||    10
       Scroll            |       |       |       |       |     4 |       ||     4
 Stab: Distracted        |       |       |       |       |     1 |       ||     1
       Invisible         |       |       |       |       |    11 |       ||    11
Armor: Scale mail        |     5 |     5 |     4 |       |       |       ||    14
       Chain mail        |       |       |    25 |    92 |     2 |       ||   119
       Storm dragon scal |       |       |       |       |    41 |       ||    41
       Plate armour      |       |       |       |       |    49 |    36 ||    85
Dodge: Dodged            |     3 |     3 |    23 |    57 |    66 |    51 ||   203
Block: Kite shield       |     8 |     4 |    29 |   127 |   145 |   107 ||   420

Table legend: (Time is in decaauts)
 A = Elapsed time spent in this place.
 B = Non-inter-level travel time spent in this place.
 C = Inter-level travel time spent in this place.
 D = Time resting spent in this place.
 E = Time spent auto-exploring this place.
 F = Levels seen in this place.
 G = Mean time per level.
                   A        B        C        D        E       F      G
               +--------+--------+--------+--------+--------+-----+--------+
         Total |   9650 |   9632 |     18 |   7233 |    175 |   1 | 9650.0 |
       Dungeon |   9650 |   9632 |     18 |   7233 |    175 |   1 | 9650.0 |
               +--------+--------+--------+--------+--------+-----+--------+

Top non-repeatable levels by time:
       D: 9650 daAuts
